 Dungeon Crawl Stone Soup version 0.29.0-4-gdea44cf6ec (webtiles) character file.

Game seed: 6478408291744671425

10272 qw the Brawler (level 11, -8/105 HPs)
             Began as a Troll Cinder Acolyte on Aug 30, 2022.
             Was a Priest of Ignis.
             Succumbed to an orange demon's poison
             ... on level 2 of the Lair of Beasts.
             The game lasted 00:04:40 (8809 turns).

qw the Brawler (Troll Cinder Acolyte)               Turns: 8809, Time: 00:04:40

Health: -8/105     AC: 14    Str: 28    XL:     11   Next: 34%
Magic:  11/11      EV: 13    Int: 10    God:    Ignis [***...]
Gold:   647        SH:  0    Dex:  5    Spells: 12/12 levels left

rFire   + . .      SeeInvis .     - Unarmed
rCold   . . .      Faith    .   (no shield)
rNeg    . . .      Spirit   .   n - +0 steam dragon scales
rPois   .          Reflect  .   (helmet restricted)
rElec   .          Harm     .   (no cloak)
rCorr   .          Rampage  .   (gloves unavailable)
Will    .....                   (boots unavailable)
Stlth   +.........              e - amulet of regeneration
HPRegen 1.87/turn               m - +4 ring of slaying {mikee}
MPRegen 0.12/turn               p - +4 ring of evasion

@: lethally poisoned (-8 -> -40), about to teleport, fiery-armoured, slowed,
very slow
A: large, unfitting armour, claws 3, regeneration 1, shaggy fur 1, tough skin 1
a: Renounce Religion, Fiery Armour, Foxfire Swarm, Rising Flame


You were on level 2 of the Lair of Beasts.
You worshipped Ignis.
Ignis was most pleased with you.
You visited 2 branches of the dungeon, and saw 10 of its levels.

You collected 647 gold pieces.


Innate Abilities, Weirdness & Mutations

You are too large for most types of armour.
You have claws for hands.
Your natural rate of healing is unusually fast.
You are covered in fur. (AC +1)
You have tough skin. (AC +1)


   Skills:
 - Level 6.0 Fighting
 - Level 4.0 Throwing
 - Level 2.5 Armour
 - Level 1.2 Dodging
 + Level 15.6 Unarmed Combat
 - Level 1.0 Spellcasting
 - Level 2.1 Fire Magic


You had 12 spell levels left.
You didn't know any spells.
Your spell library contained the following spells:

 Spells                   Type           Power      Damage    Failure   Level
 Scorch                   Fire           8%         2d5       22%         2

Inventory:

Missiles
 i - 3 boomerangs (quivered)
 q - a javelin
Armour
 n - +0 steam dragon scales (worn)
Jewellery
 a - a ring of wizardry
 e - an amulet of regeneration (around neck)
 m - a +4 ring of slaying (left claw) {mikee}
 p - a +4 ring of evasion (right claw)
Scrolls
 h - a scroll of enchant weapon
 j - a scroll of brand weapon
 k - 4 scrolls of teleportation
 l - 6 scrolls of identify
Potions
 b - a potion of haste
 c - a potion of cancellation {unknown}
 d - 5 potions of curing
 f - 3 potions of mutation
 o - a potion of resistance

Dungeon Overview and Level Annotations

Branches:
Dungeon (8/15)             Temple (0/1) D:6            Lair (2/5) D:8
  Swamp: Lair:2-3    Shoals: Lair:2-3     Snake: Lair:2-3    Spider: Lair:2-3

Altars:
Ashenzari
Hepliaklqana
Makhleb
Nemelex Xobeh
Okawaru
Ru
Vehumet
Wu Jian
Xom
Yredelemnul

Shops:
D:7 [

Annotations:
D:3 2 runed translucent doors, qw's ghost, amateur TrCA
D:6 1 runed translucent door, Crazy Yiuf


Message History

The orange demon poisons you!
You feel extremely sick. The orange demon stings you.
You are lethally poisoned!
The orange demon poisons you!
The orange demon is burned by your cloak of flames.
The orange demon is lightly wounded.
The orange demon hits you but does no damage.
The orange demon is burned by your cloak of flames.
The orange demon is lightly wounded.
8807 ||| READING 5 scrolls of teleportation.
As you read the scroll of teleportation, it crumbles to dust.
You feel strangely unstable.
You feel extremely sick. The orange demon stings you.
You are more poisoned.
The orange demon poisons you!
The orange demon is burned by your cloak of flames.
The orange demon is moderately wounded.
The orange demon hits you but does no damage.
The orange demon is burned by your cloak of flames.
The orange demon is moderately wounded.
The orange demon stings you but does no damage.
The orange demon is burned by your cloak of flames.
The orange demon is moderately wounded.
The orange demon hits you but does no damage.
The orange demon is burned by your cloak of flames.
The orange demon is moderately wounded.
8808 ||| DRINKING potion of heal wounds.
You feel much better.
You feel extremely sick. The orange demon stings you.
The orange demon is burned by your cloak of flames.
The orange demon is heavily wounded.
The orange demon hits you but does no damage.
The orange demon is burned by your cloak of flames.
The orange demon is heavily wounded.
You claw the orange demon! Your claw misses the orange demon.
The orange demon is severely wounded.
You die...

.### ..## #~~ ...# ~
##~~ ...# ~~#####~~~
...## ~~.....~~ ...P##
~~.....~~ .....#
#.......## ....##
#.....4).# ....##
#P@.### .....#
###...#### ...###
##.....### 77..# 7
777.77....# .777#
.777..P777..### .7.7 7
P. 7.7..P777...###..
P.77
.7.7777...7..77.......#
.PP.7 7...7P
77..7/..........
.7.PP77ยค.7..7
7..7.7....<.....


You could see an orange demon.

Vanquished Creatures
  A hydra (Lair:2)
  Amaemon (Lair:2)
  An elephant (Lair:2)
  Joseph (D:7)
  2 cane toads
  5 komodo dragons
  A dream sheep (Lair:2)
  Sigmund (D:4)
  4 spriggans (Lair:2)
  2 wyverns
  3 yaks (Lair:1)
  3 basilisks
  3 steam dragons
  An acid dragon (D:8)
  8 water moccasins
  2 black bears (D:6)
  3 ice beasts
  An ogre (D:5)
  4 wolves (Lair:2)
  2 centaurs
  A phantom (D:4)
  2 kobold brigands
  A bullfrog (D:8)
  4 scorpions
  A necrophage (D:4)
  8 wights
  4 killer bees (D:7)
  2 howler monkeys
  A crimson imp (D:8)
  2 hounds
  4 jellies
  2 orc priests (D:8)
  2 gnoll boudas
  4 iguanas
  Jessica (D:2)
  Ijyb (D:3)
  4 orc wizards (D:8)
  11 adders
  15 gnolls
  A shadow imp (D:7)
  An ufetubus (D:4)
  2 worms
  2 dart slugs
  20 orcs
  11 ball pythons
  5 bats
  8 endoplasms
  6 giant cockroaches
  5 goblins
  5 hobgoblins
  7 jackals
  5 quokkas
  6 frilled lizards
  16 kobolds
  4 rats
223 creatures vanquished.

Vanquished Creatures (others)
  23 plants
23 creatures vanquished.

Grand Total: 246 creatures vanquished

Notes
Turn   | Place    | Note
-------+----------+-------------------------------------------
     0 | D:1      | qw the Troll Cinder Acolyte began the quest for the Orb.
     0 | D:1      | Reached XP level 1. HP: 22/22 MP: 1/1
     0 | D:1      | 0 ||| qw: Version: 0.1-a-95-gae9e614
     0 | D:1      | 0 ||| qw: Game counter: 4422
     0 | D:1      | 0 ||| qw: Always use a shield: true
     0 | D:1      | 0 ||| qw: God list: Okawaru
     0 | D:1      | 0 ||| qw: Allow faded altars: false
     0 | D:1      | 0 ||| qw: Do Orc after D:15 true
     0 | D:1      | 0 ||| qw: Do second Lair branch before Depths: true
     0 | D:1      | 0 ||| qw: Lair rune preference: random
     0 | D:1      | 0 ||| qw: Plans: Normal
     0 | D:1      | 0 ||| PLANNING D:1-11
   134 | D:1      | 134 ||| Stepping ~*~*~tactically~*~*~ (stealth).
   154 | D:1      | 154 ||| Stepping ~*~*~tactically~*~*~ (stealth).
   155 | D:1      | 155 ||| Stepping ~*~*~tactically~*~*~ (stealth).
   280 | D:1      | Reached XP level 2. HP: 29/29 MP: 2/2
   287 | D:1      | 287 ||| Stepping ~*~*~tactically~*~*~ (hiding).
   508 | D:1      | Reached skill level 4 in Unarmed Combat
   575 | D:1      | Found a faded altar of an unknown god.
   833 | D:1      | 833 ||| UPGRADING to amulet of regeneration.
   838 | D:1      | 838 ||| READING scroll labelled BOMOGH FO LERIT.
   839 | D:1      | 839 ||| READING scroll labelled POL GIUFUNKEXU.
   840 | D:1      | 840 ||| DRINKING 2 viscous brown potions.
   841 | D:1      | 841 ||| DRINKING 3 silvery potions.
   875 | D:2      | Reached XP level 3. HP: 36/36 MP: 3/3
  1290 | D:2      | Reached XP level 4. HP: 44/44 MP: 4/4
  1371 | D:2      | Noticed Jessica
  1372 | D:2      | 1372 ||| Stepping ~*~*~tactically~*~*~ (stealth).
  1377 | D:2      | Killed Jessica
  1378 | D:2      | Reached skill level 5 in Unarmed Combat
  1431 | D:2      | 1431 ||| READING scroll labelled WASEAR DURR.
  1432 | D:2      | 1432 ||| READING scroll labelled SOCWIR CORIMU.
  1457 | D:3      | 1457 ||| INVOKING Fiery Armour.
  1468 | D:3      | 1468 ||| Stepping ~*~*~tactically~*~*~ (outnumbered).
  1472 | D:3      | Reached XP level 5. HP: 50/50 MP: 5/5
  1477 | D:3      | Reached skill level 6 in Unarmed Combat
  1545 | D:3      | Found a runed translucent door.
  1547 | D:3      | Noticed qw's ghost (amateur TrCA)
  1653 | D:3      | 1653 ||| Stepping ~*~*~tactically~*~*~ (stealth).
  1655 | D:3      | 1655 ||| Stepping ~*~*~tactically~*~*~ (stealth).
  1664 | D:3      | 1664 ||| Stepping ~*~*~tactically~*~*~ (outnumbered).
  1665 | D:3      | 1665 ||| Stepping ~*~*~tactically~*~*~ (outnumbered).
  1666 | D:3      | 1666 ||| Stepping ~*~*~tactically~*~*~ (outnumbered).
  1667 | D:3      | 1667 ||| Stepping ~*~*~tactically~*~*~ (outnumbered).
  1668 | D:3      | 1668 ||| Stepping ~*~*~tactically~*~*~ (outnumbered).
  1669 | D:3      | 1669 ||| Stepping ~*~*~tactically~*~*~ (outnumbered).
  1828 | D:3      | Noticed Ijyb
  1829 | D:3      | 1829 ||| Stepping ~*~*~tactically~*~*~ (hiding).
  1830 | D:3      | 1830 ||| Stepping ~*~*~tactically~*~*~ (hiding).
  1831 | D:3      | 1831 ||| Stepping ~*~*~tactically~*~*~ (hiding).
  1839 | D:3      | 1839 ||| DRINKING 3 potions of curing.
  1839 | D:3      | 1839 ||| (to cure confusion)
  1845 | D:3      | Killed Ijyb
  1853 | D:3      | Found a runed translucent door.
  1890 | D:3      | Found a sacrificial altar of Ru.
  1939 | D:3      | 1939 ||| Stepping ~*~*~tactically~*~*~ (outnumbered).
  1941 | D:3      | 1941 ||| Stepping ~*~*~tactically~*~*~ (outnumbered).
  2195 | D:3      | Found a radiant altar of Vehumet.
  2367 | D:3      | 2367 ||| READING 3 scrolls labelled COGOLA PEBUXTIT.
  2368 | D:3      | 2368 ||| READING scroll labelled BOTA VUASTAOJYTIJ.
  2369 | D:3      | 2369 ||| READING 2 scrolls of identify.
  2369 | D:3      | 2369 ||| IDENTIFYING black potion
  2370 | D:3      | 2370 ||| DROPPING potion of flight.
  2403 | D:4      | Found a basalt altar of Yredelemnul.
  2422 | D:4      | 2422 ||| Stepping ~*~*~tactically~*~*~ (hiding).
  2423 | D:4      | 2423 ||| Stepping ~*~*~tactically~*~*~ (stealth).
  2444 | D:4      | Reached skill level 7 in Unarmed Combat
  2444 | D:4      | Reached XP level 6. HP: 58/59 MP: 6/6
  2445 | D:4      | 2445 ||| Stepping ~*~*~tactically~*~*~ (stealth).
  2447 | D:4      | 2447 ||| Stepping ~*~*~tactically~*~*~ (hiding).
  2448 | D:4      | 2448 ||| Stepping ~*~*~tactically~*~*~ (hiding).
  2454 | D:4      | 2454 ||| INVOKING Fiery Armour.
  2485 | D:4      | 2485 ||| Stepping ~*~*~tactically~*~*~ (stealth).
  2492 | D:4      | 2492 ||| Stepping ~*~*~tactically~*~*~ (stealth).
  2493 | D:4      | Noticed Sigmund
  2503 | D:4      | Killed Sigmund
  2572 | D:4      | 2572 ||| Stepping ~*~*~tactically~*~*~ (stealth).
  2574 | D:4      | Reached skill level 8 in Unarmed Combat
  2583 | D:4      | Reached XP level 7. HP: 57/66 MP: 7/7
  2691 | D:4      | 2691 ||| Stepping ~*~*~tactically~*~*~ (stealth).
  2692 | D:4      | 2692 ||| Stepping ~*~*~tactically~*~*~ (stealth).
  2772 | D:4      | Reached skill level 3 in Fighting
  2946 | D:4      | 2946 ||| Stepping ~*~*~tactically~*~*~ (hiding).
  3074 | D:4      | 3074 ||| Stepping ~*~*~tactically~*~*~ (outnumbered).
  3076 | D:4      | 3076 ||| Stepping ~*~*~tactically~*~*~ (outnumbered).
  3077 | D:4      | 3077 ||| Stepping ~*~*~tactically~*~*~ (outnumbered).
  3087 | D:4      | 3087 ||| Stepping ~*~*~tactically~*~*~ (stealth).
  3155 | D:4      | 3155 ||| Stepping ~*~*~tactically~*~*~ (stealth).
  3157 | D:4      | 3157 ||| INVOKING Fiery Armour.
  3159 | D:4      | 3159 ||| Stepping ~*~*~tactically~*~*~ (outnumbered).
  3167 | D:4      | 3167 ||| Stepping ~*~*~tactically~*~*~ (outnumbered).
  3168 | D:4      | 3168 ||| Stepping ~*~*~tactically~*~*~ (outnumbered).
  3309 | D:4      | 3309 ||| UPGRADING to +4 ring of slaying {mikee}.
  3310 | D:4      | 3310 ||| READING 2 scrolls labelled SAYDGH ASKEA.
  3311 | D:4      | 3311 ||| READING 2 scrolls labelled ZENTOK SAOROT.
  3312 | D:4      | 3312 ||| READING scroll labelled GEPUBY JUIHA.
  3313 | D:4      | 3313 ||| DROPPING scroll of immolation.
  3339 | D:5      | Entered Level 5 of the Dungeon
  3366 | D:5      | Reached skill level 9 in Unarmed Combat
  3415 | D:5      | Reached skill level 1 in Dodging
  3423 | D:5      | 3423 ||| INVOKING Fiery Armour.
  3425 | D:5      | Reached XP level 8. HP: 33/75 MP: 8/8
  3461 | D:5      | 3461 ||| Stepping ~*~*~tactically~*~*~ (hiding).
  3478 | D:5      | 3478 ||| Stepping ~*~*~tactically~*~*~ (stealth).
  3650 | D:5      | Reached skill level 10 in Unarmed Combat
  3663 | D:5      | Found a sparkling altar of Nemelex Xobeh.
  3844 | D:5      | 3844 ||| Stepping ~*~*~tactically~*~*~ (stealth).
  4039 | D:5      | Found an ornate altar of the Wu Jian Council.
  4206 | D:5      | 4206 ||| DROPPING orb of guile.
  4207 | D:5      | 4207 ||| UPGRADING to +0 steam dragon scales.
  4217 | D:5      | 4217 ||| DROPPING +0 robe.
  4218 | D:5      | 4218 ||| DROPPING ring of ice.
  4219 | D:5      | 4219 ||| UPGRADING to +4 ring of evasion.
  4220 | D:5      | 4220 ||| READING 2 scrolls labelled MAKHLE ODABB.
  4221 | D:5      | 4221 ||| READING 2 scrolls of identify.
  4221 | D:5      | 4221 ||| IDENTIFYING coppery potion
  4222 | D:5      | 4222 ||| DROPPING potion of brilliance.
  4223 | D:5      | 4223 ||| DROPPING scroll of poison.
  4224 | D:5      | 4224 ||| READING 2 scrolls of teleportation.
  4241 | D:6      | 4241 ||| PLANNING SEWER
  4298 | D:6      | Reached skill level 1 in Armour
  4367 | D:6      | 4367 ||| Stepping ~*~*~tactically~*~*~ (hiding).
  4372 | D:6      | Reached skill level 11 in Unarmed Combat
  4492 | D:6      | Reached XP level 9. HP: 80/84 MP: 9/9
  4634 | D:6      | Found a staircase to the Ecumenical Temple.
  4647 | D:6      | Found a hazy altar of Hepliaklqana.
  4650 | D:6      | 4650 ||| Stepping ~*~*~tactically~*~*~ (stealth).
  4651 | D:6      | 4651 ||| Stepping ~*~*~tactically~*~*~ (stealth).
  4728 | D:6      | Found a runed translucent door.
  4729 | D:6      | Noticed Crazy Yiuf
  4864 | D:6      | 4864 ||| RIP SEWER
  4876 | D:6      | 4876 ||| PLANNING D:1-11
  5203 | D:6      | 5203 ||| READING scroll labelled LAUGEIDANU.
  5204 | D:6      | 5204 ||| READING scroll labelled KIARIR WOTAA.
  5205 | D:6      | 5205 ||| DRINKING 2 orange potions.
  5290 | D:7      | Found Dopaus's Armour Shop.
  5293 | D:7      | 5293 ||| SHOPLISTING +2 acid dragon scales of the Holding
                  | Gods {rElec Regen+ rCorr} (640 gold, have 372).
  5322 | D:7      | Noticed Joseph
  5323 | D:7      | 5323 ||| FLEEEEING.
  5326 | D:7      | 5326 ||| Stepping ~*~*~tactically~*~*~ (hiding).
  5327 | D:7      | 5327 ||| Stepping ~*~*~tactically~*~*~ (hiding).
  5328 | D:7      | 5328 ||| Stepping ~*~*~tactically~*~*~ (hiding).
  5330 | D:7      | 5330 ||| Stepping ~*~*~tactically~*~*~ (hiding).
  5332 | D:7      | 5332 ||| Stepping ~*~*~tactically~*~*~ (hiding).
  5338 | D:7      | Killed Joseph
  5339 | D:7      | Reached skill level 12 in Unarmed Combat
  5339 | D:7      | 5339 ||| FLEEEEING.
  5340 | D:7      | 5340 ||| FLEEEEING.
  5341 | D:7      | 5341 ||| FLEEEEING.
  5434 | D:7      | 5434 ||| Stepping ~*~*~tactically~*~*~ (hiding).
  5435 | D:7      | 5435 ||| Stepping ~*~*~tactically~*~*~ (hiding).
  5542 | D:7      | 5542 ||| Stepping ~*~*~tactically~*~*~ (stealth).
  5544 | D:7      | 5544 ||| Stepping ~*~*~tactically~*~*~ (stealth).
  5546 | D:7      | 5546 ||| Stepping ~*~*~tactically~*~*~ (hiding).
  5550 | D:7      | 5550 ||| Stepping ~*~*~tactically~*~*~ (hiding).
  5572 | D:7      | 5572 ||| Stepping ~*~*~tactically~*~*~ (stealth).
  5712 | D:7      | 5712 ||| Stepping ~*~*~tactically~*~*~ (outnumbered).
  5858 | D:7      | Reached skill level 13 in Unarmed Combat
  6141 | D:7      | Found a broken altar of Ashenzari.
  6231 | D:7      | 6231 ||| Stepping ~*~*~tactically~*~*~ (stealth).
  6270 | D:7      | 6270 ||| DROPPING +6 ring of strength.
  6271 | D:7      | 6271 ||| READING scroll labelled DOQOKHLA KAADIE.
  6372 | D:7      | 6372 ||| DRINKING 2 purple potions.
  6373 | D:7      | 6373 ||| READING 4 scrolls of identify.
  6373 | D:7      | 6373 ||| IDENTIFYING murky brown potion
  6374 | D:7      | 6374 ||| READING 3 scrolls of identify.
  6374 | D:7      | 6374 ||| IDENTIFYING fuming cyan potion
  6375 | D:7      | 6375 ||| READING 2 scrolls of identify.
  6375 | D:7      | 6375 ||| IDENTIFYING cyan potion
  6376 | D:7      | 6376 ||| DROPPING potion of degeneration.
  6377 | D:7      | 6377 ||| DROPPING potion of attraction.
  6428 | D:8      | Reached XP level 10. HP: 96/96 MP: 10/10
  6467 | D:8      | 6467 ||| Stepping ~*~*~tactically~*~*~ (stealth).
  6484 | D:8      | Found a staircase to the Lair.
  6538 | D:8      | Found an iron altar of Okawaru.
  6711 | D:8      | 6711 ||| Stepping ~*~*~tactically~*~*~ (hiding).
  6720 | D:8      | Reached skill level 1 in Throwing
  6938 | D:8      | 6938 ||| Stepping ~*~*~tactically~*~*~ (outnumbered).
  6940 | D:8      | 6940 ||| Stepping ~*~*~tactically~*~*~ (outnumbered).
  6944 | D:8      | 6944 ||| INVOKING Fiery Armour.
  7021 | D:8      | 7021 ||| Stepping ~*~*~tactically~*~*~ (hiding).
  7022 | D:8      | 7022 ||| Stepping ~*~*~tactically~*~*~ (hiding).
  7036 | D:8      | 7036 ||| Stepping ~*~*~tactically~*~*~ (outnumbered).
  7127 | D:8      | Found a burning altar of Makhleb.
  7127 | D:8      | Found a shimmering altar of Xom.
  7160 | D:8      | 7160 ||| PLANNING LAIR
  7160 | D:8      | 7160 ||| READING 4 scrolls of identify.
  7160 | D:8      | 7160 ||| IDENTIFYING blue potion
  7161 | D:8      | 7161 ||| READING 3 scrolls of identify.
  7161 | D:8      | 7161 ||| IDENTIFYING sedimented white potion
  7162 | D:8      | 7162 ||| DROPPING potion of lignification.
  7163 | D:8      | 7163 ||| DROPPING potion of ambrosia.
  7195 | Lair:1   | Entered Level 1 of the Lair of Beasts
  7219 | Lair:1   | Reached skill level 3 in Throwing
  7283 | Lair:1   | Noticed a cane toad
  7289 | Lair:1   | Killed a cane toad
  7421 | Lair:1   | Reached skill level 14 in Unarmed Combat
  7793 | Lair:1   | 7793 ||| Stepping ~*~*~tactically~*~*~ (hiding).
  7867 | Lair:1   | 7867 ||| Stepping ~*~*~tactically~*~*~ (outnumbered).
  7868 | Lair:1   | 7868 ||| Stepping ~*~*~tactically~*~*~ (outnumbered).
  7873 | Lair:1   | Reached skill level 6 in Fighting
  8210 | Lair:1   | 8210 ||| READING scroll labelled XIOMMA GOIREIN.
  8380 | Lair:2   | Reached XP level 11. HP: 90/105 MP: 11/11
  8480 | Lair:2   | Reached skill level 15 in Unarmed Combat
  8555 | Lair:2   | Noticed an eight-headed hydra
  8556 | Lair:2   | 8556 ||| INVOKING Fiery Armour.
  8562 | Lair:2   | Killed a ten-headed hydra
  8795 | Lair:2   | Noticed Amaemon
  8804 | Lair:2   | Killed Amaemon
  8805 | Lair:2   | 8805 ||| INVOKING Fiery Armour.
  8806 | Lair:2   | HP: 26/105 [orange demon[Amaemon] (5)]
  8807 | Lair:2   | 8807 ||| READING 5 scrolls of teleportation.
  8807 | Lair:2   | HP: 10/105 [poisoned by an orange demon]
  8808 | Lair:2   | 8808 ||| DRINKING potion of heal wounds.
  8808 | Lair:2   | HP: 2/105 [orange demon[Amaemon] (5)]
  8809 | Lair:2   | Succumbed to an orange demon's poison

Levels and vault maps discovered:
D:1:      dpeg_arrival_orchard, layout_basic, ebering_ecumenical_altar_mist
D:2:      layout_basic, uniq_jessica
D:3:      minmay_chambers_of_threes, layout_basic, mainiacjoe_overflow_24_doors,
          nicolae_ru_the_path_less_chosen, ebering_ghost_sewer_f, corexii_shack,
          serial_bayou_pond_e, nicolae_grassy_gnolls, uniq_ijyb
D:4:      cheibrodos_thug_alley, layout_basic,
          mainiacjoe_overflow_cross_hatched, uniq_sigmund
D:5:      layout_basic, nzn_wu_jian_council_hall,
          mainiacjoe_overflow_tiny_flanked, kennysheep_doodads
D:6:      layout_basic, mainiacjoe_overflow_six_doors_small,
          minmay_temple_entry_junction, portal_sewer_entry_d, minmay_crossroads,
          uniq_crazy_yiuf_cottage
D:7:      layout_basic, ashenzari_altar_1, serial_shops, nicolae_stop_n_shop_1,
          lemuel_another_geyser, uniq_joseph
D:8:      layout_basic, grunt_temple_overflow_champion_of_chaos,
          okawaru_trees_2, dpeg_oklobed_lair
Lair:1:   layout_cave_pods, infiniplex_staircase_pool
Lair:2:   wad_woods_settlement, layout_cave_shapes,
          minmay_shoals_entry_lonely_mermaid, uniq_amaemon

Skill      XL: |  1  2  3  4  5  6  7  8  9 10 11 |
---------------+----------------------------------+-----
Unarmed Combat | 4 5 7 8 9 11 13 14 15 | 15.6
Fighting       | 3 4 5 6 |  6.0
Dodging        | 1 |  1.2
Armour         | 1 2 |  2.5
Throwing       | 3 4 |  4.0
Spellcasting   | |  1.0
Fire Magic     | |  2.1

Action                   |  1- 3 |  4- 6 |  7- 9 | 10-12 || total
-------------------------+-------+-------+-------+-------++-------
Melee: Unarmed           |    89 |   140 |   222 |   140 ||   591
       Punch             |       |       |    10 |     8 ||    18
Throw: Boomerang         |       |    20 |       |    12 ||    32
       Javelin           |       |       |       |    17 ||    17
Invok: Fiery Armour      |       |     2 |     2 |     3 ||     7
  Use: Scroll            |     2 |     5 |    12 |     4 ||    23
       Potion            |     2 |     1 |     2 |     1 ||     6
Armor: Robe              |    18 |    48 |    20 |       ||    86
       Steam dragon scal |       |       |    23 |    37 ||    60
Dodge: Dodged            |    32 |    66 |    80 |    64 ||   242

Table legend:
 A = Non-vault XP
 B = Vault XP
 C = Vault XP percentage of total XP
 D = Non-vault monster count
 E = Vault monster count
 F = Vault count percentage of total count
                 A         B        C        D         E       F
            +---------+---------+-------+---------+---------+-------
      Total |   10820 |    3855 |  26.3 |     177 |      45 |  20.3
            +---------+---------+-------+---------+---------+-------
        D:1 |      40 |       0 |   0.0 |      22 |       0 |   0.0
        D:2 |      60 |      37 |  38.1 |      13 |       1 |   7.1
        D:3 |      46 |     165 |  78.2 |      18 |      19 |  51.4
        D:4 |     455 |     336 |  42.5 |      27 |      11 |  28.9
        D:5 |    1151 |       0 |   0.0 |      16 |       0 |   0.0
        D:6 |     940 |     240 |  20.3 |      15 |       4 |  21.1
        D:7 |    1417 |     439 |  23.7 |      22 |       1 |   4.3
        D:8 |    1098 |      48 |   4.2 |      23 |       1 |   4.2
     Lair:1 |    3035 |       0 |   0.0 |      11 |       0 |   0.0
     Lair:2 |    2578 |    2590 |  50.1 |      10 |       8 |  44.4
            +---------+---------+-------+---------+---------+-------
